 Dungeon Crawl Stone Soup version 0.24-a0-309-g1095bcad4c (webtiles) character file.

Game seed: 13450758509753326049

94 D1HalberdGnoll the Skirmisher (level 4, -3/40 HPs)
             Began as a Draconian Abyssal Knight on May 14, 2019.
             Was a Believer of Lugonu.
             Killed from afar by an orc wizard (9 damage)
             ... with a magic dart
             ... on level 3 of the Dungeon.
             The game lasted 00:01:29 (1440 turns).

D1HalberdGnoll the Skirmisher (DrAK)                Turns: 1440, Time: 00:01:30

Health: -3/40      AC:  5    Str: 14    XL:     4   Next: 38%
Magic:  6/6        EV: 12    Int: 12    God:    Lugonu [**....]
Gold:   69         SH:  0    Dex: 10    Spells: 3/3 levels left

rFire    . . .     SeeInvis .   a - +1 falchion
rCold    . . .     Gourm    .   (no shield)
rNeg     . . .     Faith    .   (armour unavailable)
rPois    .         Spirit   .   (helmet restricted)
rElec    .         Reflect  .   (no cloak)
rCorr    .         Harm     .   (no gloves)
MR       .....                  (no boots)
Stlth    +.........             (no amulet)
HPRegen  0.13/turn              (no ring)
MPRegen  0.10/turn              (no ring)

@: very slightly contaminated, slowed, invisible, very slow
A: unfitting armour, fangs 1, clumsy 1, cold-blooded, AC +5
a: Depart the Abyss, Bend Space, Renounce Religion


You were on level 3 of the Dungeon.
You worshipped Lugonu.
Lugonu was pleased with you.
You were not hungry.

You visited 1 branch of the dungeon, and saw 3 of its levels.
You visited the Abyss 1 time.

You collected 69 gold pieces.

Inventory:

Hand Weapons
 a - a +1 falchion (weapon)
Missiles
 n - 17 poisoned darts (quivered)
Jewellery
 e - a +3 ring of intelligence
Scrolls
 d - 2 scrolls of teleportation {unknown}
 f - 4 scrolls of remove curse {unknown}
 g - a scroll of identify {unknown}
 k - a scroll of immolation {unknown}
 o - a scroll of enchant weapon {unknown}
Potions
 h - a potion of resistance {unknown}
 i - 2 potions of flight {unknown}
 j - a potion of mutation
 l - a potion of cancellation {unknown}
 m - a potion of might {unknown}
Comestibles
 b - 3 rations


   Skills:
 + Level 3.9 Fighting
 * Level 3.3 Long Blades
 + Level 2.7 Dodging
 + Level 2.8 Invocations


You had 3 spell levels left.
You didn't know any spells.
Your spell library was empty.

Dungeon Overview and Level Annotations

Branches:
Dungeon (3/15)

Altars:


Innate Abilities, Weirdness & Mutations

Your plain brown scales are hard. (AC +5)
You cannot fit into any form of body armour.
You are cold-blooded and may be slowed by cold attacks.
You have very sharp teeth.
You are clumsy. (Dex -2)


Message History

The orc wizard is lightly wounded.
You are very lightly contaminated with residual magic.
You catch the helpless orc completely off-guard!
You slash the orc!
You kill the orc!
Lugonu accepts your kill. The orc wizard barely misses you.
The orc wizard closely misses you.
Items here: ))) [ † a +0 flail; a +0 dagger; a +0 robe; a +0 mace; an orc corpse You hit the orc wizard but do no damage.
You bite the orc wizard, but do no damage.
The orc wizard is lightly wounded.
The orc wizard hits you with a +0 dagger.
* * * LOW HITPOINT WARNING * * *
The orc wizard barely misses you.
You slash the orc wizard! Your bite misses the orc wizard.
The orc wizard is severely wounded.
The orc wizard gestures at you while chanting.
The magic dart hits you!
You die...

#.###.# #.#
#.# ### #.#
#.###.# #.....
#.# #.....#
..... #<#
#####.# ....
### #.####...
#....#..# .##
####.#..#
.....####@#.%#
#.......o...#
#............#
#.#..##..#.###
.........#.#
##.#####.#.#
... ..#.+ )#.
###.# . .#


You could see an orc wizard.

Vanquished Creatures
  An orc wizard (D:3)
  An adder (D:2)
  A shadow imp (D:3)
  A worm (D:2)
  A dart slug (D:3)
  A leopard gecko (D:3)
  2 orcs (D:3)
  4 giant cockroaches
  7 goblins
  11 hobgoblins
  3 jackals (D:1)
  2 kobolds (D:2)
  5 bats
  6 frilled lizards
  7 rats
53 creatures vanquished.

Notes
Turn   | Place    | Note
-------+----------+-------------------------------------------
     0 | Abyss:1  | D1HalberdGnoll the Draconian Abyssal Knight began the quest
                  | for the Orb.
     0 | Abyss:1  | Reached XP level 1. HP: 19/19 MP: 2/2
     0 | D:1      | Escaped the Abyss
   138 | D:1      | Reached * piety under Lugonu
   141 | D:1      | Reached XP level 2. HP: 26/26 MP: 3/3
   461 | D:1      | Reached XP level 3. HP: 31/31 MP: 4/4
   680 | D:2      | Reached ** piety under Lugonu
  1421 | D:3      | Reached XP level 4. HP: 35/40 MP: 6/6
  1433 | D:3      | Gained mutation: You are clumsy. (Dex -2) [potion of
                  | mutation]
  1433 | D:3      | Gained mutation: You have very sharp teeth. [potion of
                  | mutation]
  1440 | D:3      | Killed from afar by an orc wizard

Levels and vault maps discovered:
D:1:      tarquinn_simple_flora_water_a, layout_basic
D:2:      layout_basic, first_ration, serial_corexii_hall,
          corexii_hall_statues_deadend, corexii_hall_statues_u
D:3:      layout_basic, fiery_altar_vehumet, lemuel_crystal_altar,
          gammafunk_ghost_gnarly_gnolls, uniq_crazy_yiuf_cottage

Skill      XL: |  1  2  3 |
---------------+----------+-----
Long Blades    | 3 |  3.3
Fighting       | |  3.9
Dodging        | |  2.7
Invocations    | |  2.8

Action                   |  1- 3 |  4- 6 || total
-------------------------+-------+-------++-------
Melee: Falchion          |   136 |    15 ||   151
       Tailslap          |    10 |     2 ||    12
       Bite              |       |     1 ||     1
Throw: Dart              |     1 |       ||     1
Invok: Depart the Abyss  |     1 |       ||     1
  Use: Potion            |       |     2 ||     2
 Stab: Invisible         |       |     1 ||     1
  Eat: Chunk             |     2 |       ||     2
Armor: Skin              |    61 |     4 ||    65
Dodge: Dodged            |   109 |     8 ||   117
       Rpst.: Falchion   |    34 |     3 ||    37

Table legend:
 A = Non-vault XP
 B = Vault XP
 C = Vault XP percentage of total XP
 D = Non-vault monster count
 E = Vault monster count
 F = Vault count percentage of total count
                 A         B        C        D         E       F
            +---------+---------+-------+---------+---------+-------
      Total |     135 |       0 |   0.0 |      53 |       0 |   0.0
            +---------+---------+-------+---------+---------+-------
        D:1 |      47 |       0 |   0.0 |      30 |       0 |   0.0
        D:2 |      39 |       0 |   0.0 |      15 |       0 |   0.0
        D:3 |      49 |       0 |   0.0 |       8 |       0 |   0.0
            +---------+---------+-------+---------+---------+-------
